 Dungeon Crawl Stone Soup version 0.23.0 (webtiles) character file.

Game seed: 6772398541622604880

756 Faca the Skirmisher (level 7, -5/48 HPs)
             Began as a Gargoyle Fighter on Feb 12, 2019.
             Killed by divine providence
             ... invoked by an orc priest
              (13 damage)
             ... on level 6 of the Dungeon.
             The game lasted 00:17:00 (4256 turns).

Faca the Skirmisher (Gargoyle Fighter)              Turns: 4256, Time: 00:17:01

Health: -5/48      AC: 16    Str: 21    XL:     7   Next: 79%
Magic:  7/7        EV:  5    Int:  8    God:
Gold:   255        SH:  9    Dex: 10    Spells: 6/6 levels left

rFire    . . .     SeeInvis .   a - +0 flail
rCold    . . .     Gourm    .   c - +0 shield
rNeg     + . .     Faith    .   g - +0 chain mail
rPois    ∞         Spirit   .   n - +1 helmet
rElec    +         Reflect  .   (no cloak)
rCorr    .         Harm     .   (no gloves)
MR       .....                  (no boots)
Stlth    ..........             (no amulet)
HPRegen  0.16/turn              (no ring)
MPRegen  0.10/turn              (no ring)

@: no status effects
A: negative energy resistance 1, electricity resistance, unbreathing,
petrification resistance, rot immunity, AC +4
a: no special abilities


You were on level 6 of the Dungeon.
You were not hungry.

You visited 1 branch of the dungeon, and saw 6 of its levels.

You collected 255 gold pieces.

Inventory:

Hand Weapons
 a - a +0 flail (weapon)
Armour
 c - a +0 shield (worn)
 g - a +0 chain mail (worn)
 n - a +1 helmet (worn)
Potions
 d - a potion of might
 e - 4 potions of curing
 h - a potion of berserk rage {unknown}
 i - a potion of brilliance {unknown}
 j - a potion of mutation
 l - 3 potions of flight
 m - a potion of lignification
 o - a potion of resistance
 r - a potion of invisibility
Comestibles
 f - 6 rations


   Skills:
 + Level 7.3 Fighting
 + Level 6.2 Maces & Flails
 - Level 3.2 Armour
 - Level 3.2 Shields


You had 6 spell levels left.
You didn't know any spells.
Your spell library was empty.

Dungeon Overview and Level Annotations

Branches:
Dungeon (6/15)
 Temple: D:4-7

Altars:
Ru

Annotations:
D:4 2 transporters, sighowe's ghost, amateur DDHu


Innate Abilities, Weirdness & Mutations

You are resistant to torment.
Your stone body is resilient. (AC +4)
You are immune to poison.
You resist negative energy. (rN+)
You are resistant to electric shocks. (rElec)
You can survive without breathing.
You are immune to petrification.
You are immune to rotting.


Message History

The orc priest hits you with a +0 flail.
The orc hits you but does no damage.
You thump the orc priest!
The orc priest is heavily wounded.
The orc hits you but does no damage.
You thump the orc wizard!
You kill the orc wizard!
The orc hits you with a +0 flail. You block the orc's attack.
The orc priest invokes the aid of Beogh against you.
Beogh smites you!
The black bear bites you but does no damage.
You block the black bear's attack. x2
You see here a +0 ring mail.
The orc priest invokes the aid of Beogh against you.
Beogh smites you!
* * * LOW HITPOINT WARNING * * *
The orc priest mumbles some strange prayers to Beogh against you.
Beogh smites you!
You die...

#...oo..#
#Z####### #o#
#.# #.# #o# #.#
#.# #.#
#h######## #.#
#.>....... #.#
#@######### #.#
#..........
#.###.#########
#.##...#
#.<..#.#
####...# #####


You could see a black bear, an orc priest, an orc and a quokka skeleton.

Vanquished Creatures
  A phantom (D:4)
  An ogre (D:4)
  A bullfrog (D:6)
  A scorpion (D:4)
  A hound (D:4)
  A bullfrog skeleton (D:4)
  Jessica (D:3)
  2 iguanas (D:4)
  2 orc wizards
  5 worker ants
  Robin (D:3)
  3 adders
  An ooze (D:1)
  2 adder zombies
  4 worms
  2 dart slugs (D:2)
  A leopard gecko (D:4)
  15 orcs
  A ball python (D:4)
  6 bats
  A giant cockroach (D:2)
  15 goblins
  10 hobgoblins
  9 jackals
  A quokka (D:2)
  4 frilled lizards
  3 kobolds
  A leopard gecko skeleton (D:4)
  9 rats
105 creatures vanquished.

Notes
Turn   | Place    | Note
-------+----------+-------------------------------------------
     0 | D:1      | Faca the Gargoyle Fighter began the quest for the Orb.
     0 | D:1      | Reached XP level 1. HP: 14/14 MP: 1/1
    76 | D:1      | Reached XP level 2. HP: 9/19 MP: 2/2
   525 | D:1      | Reached XP level 3. HP: 24/24 MP: 3/3
   530 | D:1      | Reached skill level 4 in Fighting
  1046 | D:2      | Reached XP level 4. HP: 29/30 MP: 4/4
  1530 | D:3      | Noticed Jessica
  1543 | D:3      | Killed Jessica
  1543 | D:3      | Reached XP level 5. HP: 28/34 MP: 5/5
  1660 | D:3      | Noticed Robin
  1701 | D:3      | Reached skill level 5 in Fighting
  1714 | D:3      | Killed Robin
  2486 | D:4      | Noticed an ogre
  2538 | D:4      | Reached XP level 6. HP: 36/41 MP: 6/6
  2593 | D:4      | Reached skill level 6 in Fighting
  2778 | D:4      | Reached skill level 5 in Maces & Flails
  2948 | D:4      | Noticed a phantom
  2980 | D:4      | Killed a phantom
  2980 | D:4      | Reached XP level 7. HP: 42/47 MP: 7/7
  3411 | D:4      | Found a transporter.
  3415 | D:4      | Noticed sighowe's ghost (amateur DDHu)
  3427 | D:4      | Found a transporter.
  3514 | D:5      | Entered Level 5 of the Dungeon
  3864 | D:5      | Reached skill level 7 in Fighting
  3989 | D:5      | Found a sacrificial altar of Ru.
  4256 | D:6      | Killed from afar by an orc priest

Skill      XL: |  1  2  3  4  5  6  7 |
---------------+----------------------+-----
Fighting       | 4 5 6 7 |  7.3
Maces & Flails | 3 4 5 6 |  6.2
Armour         | |  3.2
Shields        | |  3.2

Action                   |  1- 3 |  4- 6 |  7- 9 || total
-------------------------+-------+-------+-------++-------
Melee: Flail             |   156 |   216 |   111 ||   483
  Use: Scroll            |       |       |    13 ||    13
  Eat: Chunk             |     1 |     3 |     4 ||     8
       Ration            |       |     1 |       ||     1
Armor: Scale mail        |    94 |   100 |    11 ||   205
       Chain mail        |       |       |    55 ||    55
Dodge: Dodged            |    60 |    46 |    30 ||   136
Block: Shield            |    74 |    94 |    55 ||   223
